 Dungeon Crawl Stone Soup version 0.30-a0-845-g7c6808c8ce (webtiles) character file.

Game seed: 3255915416652198599

3722 Demosthentine the Trooper (level 9, 0/74 HPs)
             Began as a Demonspawn Gladiator on Mar 2, 2023.
             Was an Initiate of Gozag.
             Slain by Maggie
             ... wielding a +0 war axe of freezing
              (2 damage)
             ... on level 8 of the Dungeon.
             The game lasted 00:09:41 (8732 turns).

Demosthentine the Trooper (Demonspawn Gladiator)    Turns: 8732, Time: 00:09:42

Health: 0/74       AC:  6    Str: 14    XL:     9   Next: 92%
Magic:  18/18      EV: 20    Int: 11    God:    Gozag
Gold:   630        SH:  6    Dex: 18    Spells: 8/8 levels left

rFire   . . .      SeeInvis +    a - +1 trident (heavy)
rCold   . . .      Faith    .    k - +0 buckler
rNeg    . . .      Spirit   .    b - +0 leather armour
rPois   .          Reflect  .    c - +1 helmet
rElec   .          Rampage  .    (no cloak)
rCorr   .                        (no gloves)
Will    .....                    (no boots)
Stlth   +                        (no amulet)
HPRegen 0.32/turn                t - ring of see invisible
MPRegen 0.16/turn                w - ring of magical power

@: agile, about to teleport, mesmerised
A: foul stench 1, powered by pain 1, weakness stinger 2
a: Renounce Religion, Potion Petition, Call Merchant, Bribe Branch


You were on level 8 of the Dungeon.
You worshipped Gozag.
Gozag was pleased with you.
You visited 2 branches of the dungeon, and saw 9 of its levels.

You collected 1040 gold pieces.
You spent 377 gold pieces at shops.
You paid 33 gold pieces to Gozag.

Inventory:

Hand Weapons
 a - a +1 heavy trident (weapon)
 x - a +3 trident
Missiles
 d - 2 throwing nets (quivered)
 e - 4 javelins
Armour
 b - a +0 leather armour (worn)
 c - a +1 helmet (worn)
 k - a +0 buckler (worn)
Jewellery
 t - a ring of see invisible (left hand)
 w - a ring of magical power (right hand)
Wands
 p - a wand of mindburst (18)
 s - a wand of quicksilver (8)
Scrolls
 g - a scroll of teleportation
 j - 2 scrolls of enchant weapon
 q - 4 scrolls of identify
Potions
 f - 2 potions of brilliance
 h - a potion of cancellation
 i - 3 potions of mutation
 l - 4 potions of invisibility
 m - a potion of curing
 n - 2 potions of might
 o - a potion of flight
 r - 2 potions of haste
 v - a potion of resistance


   Skills:
 + Level 7.8 Fighting
 + Level 7.6 Polearms
 - Level 1.7 Throwing
 - Level 6.7 Armour
 + Level 7.5 Dodging
 - Level 5.3 Shields
 + Level 1.0 Evocations


You had 8 spell levels left.
You didn't know any spells.
Your spell library contained the following spells:

 Spells                   Type           Power      Damage    Failure   Level
 Sublimation of Blood     Necr           0%         N/A       63%         2
 Stone Arrow              Conj/Erth      0%         3d7       86%         3
 Summon Guardian Golem    Hex/Summ       0%         N/A       86%         3
 Animate Armour           Summ/Erth      0%         N/A       99%         4
 Petrify                  Tmut/Erth      0%         N/A       99%         4
 Fireball                 Conj/Fire      0%         3d3       100%        5
 Irradiate                Conj/Tmut      0%         3d11      100%        5
 Iskenderun's Battlesphe  Conj           0%         2d6       100%        5
 Conjure Ball Lightning   Conj/Air       0%         3x3d6     100%        6
 Orb of Destruction       Conj           0%         9d5       100%        7
 Spellforged Servitor     Conj/Summ      0%         N/A       100%        7
 Lehudib's Crystal Spear  Conj/Erth      0%         10d2      100%        8


Dungeon Overview and Level Annotations

Branches:
Dungeon (8/15)             Temple (1/1) D:4
   Lair: D:8-11

Altars:
Ashenzari
Cheibriados
Fedhas
Gozag
Hepliaklqana
Kikubaaqudgha
Makhleb
Okawaru
Qazlal
Ru
Sif Muna
Trog
Uskayaw
Wu Jian
Xom
Yredelemnul

Shops:
D:2 !

Annotations:
D:8 Maggie


Innate Abilities, Weirdness & Mutations

You may rarely emit foul miasma when damaged in melee.
You sometimes gain a little power by taking damage.
You have a tail ending in a sharp stinger.


Message History

* * * LOW HITPOINT WARNING * * *
You focus on the pain.
You feel agile all of a sudden.
Maggie struggles against the net.
The net rips apart, and Maggie comes free!
You are too injured to fight recklessly!
You are too injured to fight recklessly!
You are too injured to fight recklessly!
Unknown command.
Reach: a) +1 trident (heavy)
Press: ? - help, Dir - move target, f/p - Maggie
Aim: Maggie, wielding a +0 war axe of freezing and wearing +0 steam dragon scales (almost dead, about 33% to evade your +1 heavy trident)
You reach to attack!
You hit Maggie.
Maggie is almost dead.
The acid dragon barely misses you. The acid dragon closely misses you.
Unknown command.
Okay, then.
As you read the scroll of teleportation, it crumbles to dust.
You feel strangely unstable. The acid dragon bites you!
* * * LOW HITPOINT WARNING * * *
The acid dragon closely misses you. You block Maggie's attack.
Okay, then.
Unknown command.
Aiming: Mindburst
Press: ? - help, Shift-Dir - straight line, f/p - Maggie
Aim: Maggie, wielding a +0 war axe of freezing and wearing +0 steam dragon scales (almost dead, chance to affect: 69%) Maggie struggles to resist.
Maggie gestures wildly while chanting.
Maggie attempts to bespell you!
You are mesmerised by Maggie!
You block the acid dragon's attack. The acid dragon barely misses you.
Unknown command.
Aiming: Mindburst
Press: ? - help, Shift-Dir - straight line, f/p - Maggie
Aim: Maggie, wielding a +0 war axe of freezing and wearing +0 steam dragon scales (almost dead, mesmerising, chance to affect: 69%) Maggie struggles to resist.
The acid dragon completely misses you. The acid dragon misses you.
Maggie hits you with a +0 war axe of freezing.
You die...
Your body crumbles into a pile of gold.

### #..# #### #....
#..## ####$.... #....
#.#......
#...####.@#.....
#.....#.@..#
########...##.D#.#
##.#.#............#
.......##...###.##.>#
#........### .<# .#
#........## #..
###...)..# ###.
##......#### . .
###............ .


You could see Maggie (mesmerising) and an acid dragon.

Vanquished Creatures
  A steam dragon (D:6)
  A water moccasin (D:7)
  An orc warrior (D:7)
  An ice beast (D:7)
  5 sky beasts (D:7)
  4 centaurs
  2 black bears
  4 ogres
  3 kobold brigands (D:7)
  4 bullfrogs (D:7)
  2 scorpions
  A gnoll sergeant (D:7)
  2 jellies
  4 crimson imps
  2 hounds
  3 gnoll boudas
  2 orc priests
  A sleepcap (D:6)
  5 iguanas
  3 orc wizards
  27 gnolls
  3 adders (D:4)
  2 shadow imps
  A white imp (D:6)
  2 ufetubi (D:5)
  3 worms
  3 dart slugs
  24 orcs
  9 endoplasms
  A giant cockroach (D:1)
  8 goblins
  4 hobgoblins
  10 jackals
  12 kobolds
  8 quokkas
  4 ball pythons (D:1)
  A bat (D:3)
  4 frilled lizards
  5 rats
182 creatures vanquished.

Vanquished Creatures (others)
  An orc wizard (D:3)
  17 plants (D:5)
18 creatures vanquished.

Grand Total: 200 creatures vanquished

Notes
Turn   | Place    | Note
-------+----------+-------------------------------------------
     0 | D:1      | Demosthentine the Demonspawn Gladiator began the quest for
                  | the Orb.
     0 | D:1      | Reached XP level 1. HP: 16/16 MP: 1/1
   193 | D:1      | You fall into a shaft and drop 1 floor!
   217 | D:2      | Gained mutation: You have a small tail. [demonic ancestry]
   217 | D:2      | Reached XP level 2. HP: 22/22 MP: 2/2
   523 | D:1      | Reached skill level 1 in Armour
   539 | D:1      | Reached XP level 3. HP: 17/28 MP: 3/3
   974 | D:2      | Gained mutation: You may rarely emit foul miasma when
                  | damaged in melee. [demonic ancestry]
   974 | D:2      | Reached XP level 4. HP: 15/34 MP: 4/4
  1242 | D:2      | Found Ewif's Distillery.
  1255 | D:2      | Bought a potion of degeneration for 13 gold pieces
  1739 | D:3      | Found an iron altar of Okawaru.
  1828 | D:3      | Reached XP level 5. HP: 17/41 MP: 5/5
  2078 | D:3      | Found a faded altar of an unknown god.
  2203 | D:3      | Found a bloodstained altar of Trog.
  2554 | D:3      | Found a faded altar of an unknown god.
  2559 | D:3      | Found a broken altar of Ashenzari.
  2621 | D:4      | Reached skill level 1 in Shields
  2937 | D:4      | Found a staircase to the Ecumenical Temple.
  3008 | D:4      | Reached XP level 6. HP: 16/47 MP: 6/6
  3037 | Temple   | Entered the Ecumenical Temple
  3291 | Temple   | Became a worshipper of Gozag Ym Sagoz the Greedy
  3689 | D:4      | Reached skill level 5 in Armour
  3689 | D:4      | Reached skill level 5 in Shields
  3689 | D:4      | Gained mutation: You sometimes gain a little power by
                  | taking damage. [demonic ancestry]
  3689 | D:4      | Reached XP level 7. HP: 59/59 MP: 7/7
  3711 | D:5      | Entered Level 5 of the Dungeon
  4265 | D:4      | HP: 2/59 [black bear (3)]
  4267 | D:4      | Gained mutation: You have a tail ending in a sharp stinger.
                  | [demonic ancestry]
  4267 | D:4      | Reached XP level 8. HP: 8/65 MP: 8/8
  4539 | D:5      | Found a shimmering altar of Xom.
  5452 | D:2      | Bought a potion of haste for 130 gold pieces
  5452 | D:2      | Bought a potion of mutation for 104 gold pieces
  5452 | D:2      | Bought 2 potions of heal wounds for 130 gold pieces
  6085 | D:6      | Reached XP level 9. HP: 53/72 MP: 9/9
  7513 | D:7      | Found a burning altar of Makhleb.
  7523 | D:7      | Found a sacrificial altar of Ru.
  7524 | D:7      | Found an ancient bone altar of Kikubaaqudgha.
  7526 | D:7      | Found a hide-covered altar of Uskayaw.
  7527 | D:7      | Found an ornate altar of the Wu Jian Council.
  7530 | D:7      | Found a blossoming altar of Fedhas.
  7537 | D:7      | Found a basalt altar of Yredelemnul.
  8568 | D:7      | Reached skill level 1 in Evocations
  8720 | D:8      | Noticed Maggie
  8730 | D:8      | HP: 2/74 [acid dragon (9)]
  8732 | D:8      | Slain by Maggie

Illustrated notes

Levels and vault maps discovered:
D:1:      kilobyte_arrival_exit_the_forest, layout_rooms
D:2:      layout_basic, serial_shops, nicolae_shop_advertising_works
          [nicolae_subvault_shop_adworks]
D:3:      layout_loops_ring, nicolae_overflow_ecumenical_swirl,
          old_standard_altar, mainiacjoe_overflow_surrounded_room,
          ebering_ecumenical_altar_webs
D:4:      layout_loops_ring, minmay_temple_entry_crystal_x,
          kennysheep_small_circle
D:5:      layout_gridville, led_xom_imps, serial_bayou, serial_bayou_ford_a,
          serial_bayou_pond_b, serial_bayou_crossing, serial_bayou_pond_c
D:6:      layout_loops_ring, serial_co_window_serial, co_window_paths_b,
          co_window_corner_a, co_window_paths_a, co_window_paths_a,
          co_window_of_opportunity_a, co_window_paths_c, co_window_broadway_c,
          co_window_unsneaky_path_e, co_window_4corner_b, co_window_4corner_a,
          glass_columns_a, glass_columns_b
D:7:      minmay_angry_zag, layout_basic, nicolae_overflow_hallway_of_the_gods
D:8:      layout_cave_pools, nicolae_vehumet_radiance,
          amcnicky_mini_corridor_feature, st_stairs_7, uniq_maggie
Temple:   hellmonk_temple_flake

Skill      XL: |  1  2  3  4  5  6  7  8  9 |
---------------+----------------------------+-----
Polearms       | 3 6 7 |  7.6
Dodging        | 3 6 7 |  7.5
Armour         | 1 2 5 6 |  6.7
Fighting       | 3 6 7 |  7.8
Shields        | 1 5 |  5.3
Evocations     | 1 |  1.0
Throwing       | |  1.7

Action                     |  1- 3 |  4- 6 |  7- 9 || total
---------------------------+-------+-------+-------++-------
  Melee: Trident           |   120 |   175 |   316 ||   611
         Tailslap          |     7 |    20 |    36 ||    63
         Punch             |     2 |       |       ||     2
  Throw: Throwing net      |       |       |     2 ||     2
  Evoke: Wand              |       |       |     2 ||     2
    Use: Scroll            |     5 |    10 |     8 ||    23
         Potion            |       |     2 |     6 ||     8
   Stab: Sleeping          |       |     3 |     3 ||     6
         Held in net/web   |       |       |     2 ||     2
 Armour: Leather armour    |    35 |    34 |    72 ||   141
  Dodge: Dodged            |    75 |    57 |   319 ||   451
  Block: Buckler           |       |       |   130 ||   130

Table legend: (Time is in decaauts)
 A = Elapsed time spent in this place.
 B = Non-inter-level travel time spent in this place.
 C = Inter-level travel time spent in this place.
 D = Time resting spent in this place.
 E = Time spent auto-exploring this place.
 F = Levels seen in this place.
 G = Mean time per level.
                   A        B        C        D        E       F      G
               +--------+--------+--------+--------+--------+-----+--------+
         Total |   8955 |   8670 |    285 |   1047 |   5985 |   9 |  995.0 |
       Dungeon |   8689 |   8404 |    285 |   1047 |   5759 |   8 | 1086.1 |
        Temple |    265 |    265 |      0 |      0 |    226 |   1 |  265.0 |
               +--------+--------+--------+--------+--------+-----+--------+

Top non-repeatable levels by time:
     D:6: 1674 daAuts
     D:7: 1422 daAuts
     D:4: 1358 daAuts
     D:5: 1326 daAuts
     D:3: 981 daAuts
     D:2: 885 daAuts
     D:1: 851 daAuts
  Temple: 265 daAuts
     D:8: 189 daAuts
